 Dungeon Crawl Stone Soup version 0.28.0-43-g3370ac3207 (webtiles) character file.

Game seed: 2544629959528493750

88 Ablot the Grasshopper (level 4, 0/38 HPs)
             Began as a Gnoll Warper on Mar 12, 2022.
             Killed by divine providence
             ... invoked by an orc priest
              (14 damage)
             ... on level 3 of the Dungeon.
             The game lasted 00:02:38 (2414 turns).

Ablot the Grasshopper (Gnoll Warper)                Turns: 2414, Time: 00:02:39

Health: 0/38       AC:  5    Str: 12    XL:     4   Next: 53%
Magic:  11/11      EV: 16    Int: 13    God:
Gold:   53         SH:  0    Dex: 11    Spells: 11/13 levels left

rFire   . . .      SeeInvis .   a - +0 spear
rCold   . . .      Faith    .   (no shield)
rNeg    . . .      Spirit   .   b - +0 leather armour
rPois   +          Reflect  .   (no helmet)
rElec   .          Harm     .   (no cloak)
rCorr   .          Rampage  .   n - +0 pair of gloves
Will    .....                   e - +0 pair of boots
Stlth   +.........              (no amulet)
HPRegen 0.12/turn               g - +4 ring of evasion
MPRegen 0.12/turn               p - ring of poison resistance

@: no status effects
A: fangs 1, strong nose, distributed training
a: no special abilities


You were on level 3 of the Dungeon.
You visited 1 branch of the dungeon, and saw 3 of its levels.

You collected 53 gold pieces.

Inventory:

Hand Weapons
 a - a +0 spear (weapon)
Missiles
 d - 5 boomerangs of dispersal (quivered)
 f - 60 stones
 j - 2 javelins
 q - 4 poisoned darts
 s - 16 sling bullets
Armour
 b - a +0 leather armour (worn)
 e - a +0 pair of boots (worn)
 n - a +0 pair of gloves (worn)
Jewellery
 g - a +4 ring of evasion (left hand)
 p - a ring of poison resistance (right hand)
Scrolls
 c - a scroll of blinking
 h - 2 scrolls of identify {unknown}
 l - a scroll of teleportation {unknown}
Potions
 i - a potion of heal wounds {unknown}
 k - a potion of might {unknown}
 m - a potion of brilliance {unknown}
 o - a potion of attraction {unknown}
 r - a potion of berserk rage {unknown}


   Skills:
 + Level 4.6 Fighting
 + Level 1.2 Short Blades
 + Level 1.2 Long Blades
 + Level 1.2 Axes
 + Level 1.2 Maces & Flails
 + Level 4.6 Polearms
 + Level 1.2 Staves
 + Level 1.2 Slings
 + Level 1.2 Bows
 + Level 1.2 Crossbows
 + Level 2.8 Throwing
 + Level 2.8 Armour
 + Level 4.6 Dodging
 + Level 1.2 Stealth
 + Level 1.2 Shields
 + Level 1.2 Unarmed Combat
 + Level 5.1 Spellcasting
 + Level 1.0 Conjurations
 + Level 1.0 Hexes
 + Level 1.0 Summonings
 + Level 1.0 Necromancy
 + Level 5.5 Translocations
 + Level 1.0 Transmutations
 + Level 1.0 Fire Magic
 + Level 1.0 Ice Magic
 + Level 1.0 Air Magic
 + Level 1.0 Earth Magic
 + Level 1.0 Poison Magic
 + Level 1.3 Invocations
 + Level 1.2 Evocations


You had 11 spell levels left.
You knew the following spells:

 Your Spells              Type           Power      Damage    Failure   Level
a - Blink                 Tloc           34%        N/A       3%          2

Your spell library contained the following spells:

 Spells                   Type           Power      Damage    Failure   Level
 Gell's Gravitas          Tloc           17%        N/A       8%          3
 Lesser Beckoning         Tloc           17%        N/A       8%          3
 Teleport Other           Tloc           17%        N/A       8%          3
 Freeze                   Ice            20%        1d4       16%         1
 Summon Small Mammal      Summ           20%        N/A       16%         1
 Corpse Rot               Necr/Air       10%        N/A       24%         2
 Poisonous Vapours        Pois/Air       10%        N/A       24%         2
 Call Canine Familiar     Summ           5%         N/A       43%         3
 Frozen Ramparts          Ice            10%        1d3       43%         3
 Summon Guardian Golem    Hex/Summ       5%         N/A       43%         3
 Manifold Assault         Tloc           17%        N/A       56%         5
 Hailstorm                Conj/Ice       5%         3d4       83%         4
 Summon Forest            Summ/Tloc      5%         N/A       86%         5
 Summon Mana Viper        Hex/Summ       5%         N/A       99%         5
 Summon Cactus Giant      Summ           2%         N/A       100%        6


Dungeon Overview and Level Annotations

Branches:
Dungeon (3/15)

Altars:
Xom


Innate Abilities, Weirdness & Mutations

You have very sharp teeth.
Your uncanny sense of smell can sniff out nearby items.
Your experience applies equally to all skills.


Message History

You hit the orc.
The orc is heavily wounded.
You barely miss the orc. Your bite misses the orc.
The orc is heavily wounded.
The orc priest calls upon Beogh to heal the orc.
The orc's wounds heal themselves!
The orc completely misses you.
You hit the orc. Your bite misses the orc.
The orc is heavily wounded.
The orc priest calls down the wrath of Beogh upon you.
Beogh smites you! The orc barely misses you.
You closely miss the orc. Your bite misses the orc.
The orc is heavily wounded.
The orc hits you but does no damage.
You hit the orc but do no damage.
The orc is heavily wounded.
The orc misses you.
You hit the orc.
You kill the orc!
The orc priest mumbles some strange prayers to Beogh against you.
Beogh smites you!
Your Conjurations skill increases to level 1!
Your Hexes skill increases to level 1!
Your Summonings skill increases to level 1!
Your Necromancy skill increases to level 1!
Your Transmutations skill increases to level 1!
Your Fire Magic skill increases to level 1!
Your Ice Magic skill increases to level 1!
Your Air Magic skill increases to level 1!
Your Earth Magic skill increases to level 1!
Your Poison Magic skill increases to level 1!
Unknown command.
Reach: a) +0 spear
Press: ? - help, Dir - move target, f - orc priest
Aim: an orc priest, wielding a +2 mace of venom (about 37% to evade your +0 spear)
You reach to attack!
You hit the orc priest.
The orc priest is moderately wounded.
Something hits you but does no damage.
The orc priest invokes the aid of Beogh against you.
Beogh smites you!
You die...

## #.####.#..# #..†....#.....
..######.# #.#..###.......#.....
.........####.#............#.....
.................................
###.###.#####.#...........#.###+#
..#..##.##................#..#
..#..<#.##.#.##...........##.#
..#......................## .
.....##.##.#.#.#@#+#.##.
..#..##.##.#.#.#)#.# # ..#..#####
#.#..o?.# ..#..# #.###.....{...
###.## #..##.###. ....# .... #
...## ##..## ..## #... #.# #..#


You could see an orc priest.

Vanquished Creatures
  2 adders
  3 worms (D:2)
  2 dart slugs (D:2)
  An orc (D:3)
  A ball python (D:2)
  4 bats
  6 endoplasms
  3 giant cockroaches
  2 goblins
  8 hobgoblins
  7 jackals
  2 quokkas
  2 frilled lizards
  3 kobolds
  5 rats
51 creatures vanquished.

Notes
Turn   | Place    | Note
-------+----------+-------------------------------------------
     0 | D:1      | Ablot the Gnoll Warper began the quest for the Orb.
     0 | D:1      | Reached XP level 1. HP: 20/20 MP: 6/6
    82 | D:1      | Found a faded altar of an unknown god.
   213 | D:1      | Reached XP level 2. HP: 26/26 MP: 7/7
   216 | D:1      | Learned a level 2 spell: Blink
   787 | D:2      | Reached XP level 3. HP: 31/31 MP: 9/9
   791 | D:2      | Reached skill level 5 in Spellcasting
  1185 | D:2      | Reached skill level 1 in Invocations
  1325 | D:2      | Reached skill level 1 in Short Blades
  1325 | D:2      | Reached skill level 1 in Long Blades
  1325 | D:2      | Reached skill level 1 in Axes
  1325 | D:2      | Reached skill level 1 in Maces & Flails
  1325 | D:2      | Reached skill level 1 in Staves
  1325 | D:2      | Reached skill level 1 in Slings
  1325 | D:2      | Reached skill level 1 in Bows
  1325 | D:2      | Reached skill level 1 in Crossbows
  1325 | D:2      | Reached skill level 1 in Stealth
  1325 | D:2      | Reached skill level 1 in Shields
  1325 | D:2      | Reached skill level 1 in Unarmed Combat
  1325 | D:2      | Reached skill level 1 in Evocations
  1396 | D:2      | Reached XP level 4. HP: 38/38 MP: 11/11
  2026 | D:3      | Found a shimmering altar of Xom.
  2414 | D:3      | Reached skill level 1 in Conjurations
  2414 | D:3      | Reached skill level 1 in Hexes
  2414 | D:3      | Reached skill level 1 in Summonings
  2414 | D:3      | Reached skill level 1 in Necromancy
  2414 | D:3      | Reached skill level 1 in Transmutations
  2414 | D:3      | Reached skill level 1 in Fire Magic
  2414 | D:3      | Reached skill level 1 in Ice Magic
  2414 | D:3      | Reached skill level 1 in Air Magic
  2414 | D:3      | Reached skill level 1 in Earth Magic
  2414 | D:3      | Reached skill level 1 in Poison Magic
  2414 | D:3      | Killed from afar by an orc priest

Illustrated notes

Levels and vault maps discovered:
D:1:      shiori_arrival_maze, layout_rooms, ebering_ecumenical_altar_box,
          st_stairs_3
D:2:      layout_basic
D:3:      layout_basic, lemuel_tele_altar, grunt_ministairs_5

Skill      XL: |  1  2  3  4 |
---------------+-------------+-----
Spellcasting   | 5 |  5.1
Invocations    | 1 |  1.3
Short Blades   | 1 |  1.2
Long Blades    | 1 |  1.2
Axes           | 1 |  1.2
Maces & Flails | 1 |  1.2
Staves         | 1 |  1.2
Slings         | 1 |  1.2
Bows           | 1 |  1.2
Crossbows      | 1 |  1.2
Stealth        | 1 |  1.2
Shields        | 1 |  1.2
Unarmed Combat | 1 |  1.2
Evocations     | 1 |  1.2
Conjurations   | 1 |  1.0
Hexes          | 1 |  1.0
Summonings     | 1 |  1.0
Necromancy     | 1 |  1.0
Transmutations | 1 |  1.0
Fire Magic     | 1 |  1.0
Ice Magic      | 1 |  1.0
Air Magic      | 1 |  1.0
Earth Magic    | 1 |  1.0
Poison Magic   | 1 |  1.0
Fighting       | |  4.6
Polearms       | |  4.6
Throwing       | |  2.8
Armour         | |  2.8
Dodging        | |  4.6
Translocations | |  5.5

Action                   |  1- 3 |  4- 6 || total
-------------------------+-------+-------++-------
Melee: Spear             |   139 |    79 ||   218
       Bite              |     5 |     7 ||    12
       Punch             |       |     1 ||     1
 Stab: Sleeping          |     2 |       ||     2
       Distracted        |     1 |       ||     1
Armor: Leather armour    |    21 |    17 ||    38
Dodge: Dodged            |    68 |    42 ||   110
